 Dungeon Crawl Stone Soup version 0.17-a0-1914-gde4187c (webtiles) character file.

382 Goblin1989 the Insei (level 6, -1/32 HPs)
             Began as a Vine Stalker Monk on Sept 26, 2015.
             Was a Believer of Dithmenos.
             Slain by a black bear (5 damage)
             ... on level 4 of the Dungeon.
             The game lasted 00:09:58 (1765 turns).

Goblin1989 the Insei (Vine Stalker Monk)            Turns: 1765, Time: 00:09:58

Health: -1/32      AC:  3    Str: 13    XL:     6   Next: 76%
Magic:  0/7        EV: 13    Int: 12    God:    Dithmenos [**....]
Gold:   155        SH:  0    Dex: 17    Spells: 0 memorised, 5 levels left

rFire  . . .     SeeInvis .       - Unarmed
rCold  . . .     Clarity  .     a - +0 robe
rNeg   . . .     SustAt   .     (no shield)
rPois  .         Gourm    .     (no helmet)
rElec  .         Spirit   +     (no cloak)
rCorr  .         Warding  .     d - +0 pair of gloves
rMut   .         Stasis   .     (no boots)
MR     .....                    (no amulet)
Stlth  ++++......               (no ring)
                                (no ring)

@: wreathed by umbra, not resistant to hostile enchantments, stealthy
A: fangs 2, regeneration 2, magic shield, antimagic bite, no device heal 3, rot
immunity
a: Shadow Step, Renounce Religion


You were on level 4 of the Dungeon.
You worshipped Dithmenos.
Dithmenos was pleased with you.
You were not hungry.

You visited 2 branches of the dungeon, and saw 5 of its levels.

You collected 155 gold pieces.

Inventory:

Missiles
 i - 32 poisoned needles
Armour
 a - a +0 robe (worn)
 d - a +0 pair of gloves (worn)
Scrolls
 e - a scroll of noise {unknown}
 f - 4 scrolls of recharging {unknown}
 h - 2 scrolls of blinking {unknown}
 j - 2 scrolls of teleportation {unknown}
 l - 2 scrolls of identify {unknown}
 m - a scroll of fog {unknown}
 o - a scroll of magic mapping {unknown}
 s - a scroll of remove curse {unknown}
Potions
 c - 2 potions of curing
 p - a potion of flight {unknown}
 q - a potion of lignification {unknown}
 u - a potion of haste {unknown}
Books
 t - a book of Summonings

   Spells                             Type                      Level
   a - Recall                         Summoning/Translocation      3
   b - Aura of Abjuration             Summoning                    5
   c - Shadow Creatures               Summoning                    5
   d - Summon Demon                   Summoning                    5
   e - Summon Forest                  Summoning/Translocation      5
   f - Summon Mana Viper              Hexes/Summoning              5
Comestibles
 b - 3 bread rations
 g - 3 meat rations
 k - a royal jelly
 n - 4 chunks of flesh
 r - a beef jerky


   Skills:
 - Level 2.6 Fighting
 - Level 2.4 Dodging
 + Level 5.1 Stealth
 * Level 7.0 Unarmed Combat


You had 5 spell levels left.
You didn't know any spells.

Dungeon Overview and Level Annotations

Branches:
Dungeon (4/15)             Temple (1/1) D:4

Altars:
Dithmenos
Elyvilon
Makhleb
Nemelex Xobeh
Ru
Trog
Xom
The Shining One

Shops:
D:4 }


Innate Abilities, Weirdness & Mutations

You have extremely sharp teeth.
You heal very quickly.
When hurt, damage is shared between your health and your magic reserves.
Your bite disrupts and absorbs the magic of your enemies.
Potions and wands cannot restore your health.
You are immune to rotting.


Message History

* * * LOW HITPOINT WARNING * * *
You hit the black bear. Your bite misses the black bear.
The black bear is severely wounded.
The black bear goes berserk!
You hit the black bear. You bite the black bear. You drain its power.
You feel invigorated.
The black bear is almost dead.
The black bear barely misses you. The black bear closely misses you.
The black bear barely misses you.
You hit the black bear.
The black bear is almost dead.
The black bear barely misses you. The black bear claws you!
* * * LOW HITPOINT WARNING * * *
The black bear misses you. The black bear bites you.
* * * LOW HITPOINT WARNING * * *
The black bear closely misses you. The black bear barely misses you.
The black bear closely misses you.
The black bear claws you but does no damage.
The black bear claws you.
You die...

##.## ##.## ..
#.## ... ##.#
.... #####..#
....####...#.##
...........#.#
#.#.#.#.#..h.#
#.........#@##
#.#.#.#.#.#.#
#.........#.#
#.#.#.#.#...#
#..........## #
#.#.#.#.#.## #.
#.........#
#.###......####
##.........##


You could see a black bear (berserk).

Vanquished Creatures
  Sigmund (D:3)
  A phantom (D:4)
  2 orc wizards (D:4)
  An adder (D:3)
  A worm (D:2)
  4 orcs
  4 giant cockroaches
  6 hobgoblins
  7 jackals
  A quokka (D:2)
  4 bats
  4 giant geckos
  2 giant newts
  8 goblins
  10 kobolds
  9 rats
65 creatures vanquished.

Notes
Turn   | Place    | Note
--------------------------------------------------------------
     0 | D:1      | Goblin1989 the Vine Stalker Monk began the quest for the Orb.
     0 | D:1      | Reached XP level 1. HP: 11/11 MP: 2/2
   139 | D:1      | Reached XP level 2. HP: 16/16 MP: 3/3
   390 | D:1      | Reached XP level 3. HP: 19/19 MP: 4/4
   662 | D:2      | Reached skill level 5 in Unarmed Combat
  1025 | D:3      | Reached XP level 4. HP: 10/23 MP: 5/5
  1193 | D:3      | Noticed Sigmund
  1201 | D:3      | Killed Sigmund
  1201 | D:3      | Reached skill level 6 in Unarmed Combat
  1201 | D:3      | Reached XP level 5. HP: 18/27 MP: 6/6
  1269 | D:3      | Gained mutation: You heal very quickly. [Vine Stalker growth]
  1269 | D:3      | Reached XP level 6. HP: 32/32 MP: 7/7
  1503 | D:4      | Found Vahifyes's Gadget Boutique.
  1564 | D:4      | Found a staircase to the Ecumenical Temple.
  1572 | Temple   | Entered the Ecumenical Temple
  1579 | Temple   | Became a worshipper of Dithmenos the Shadowed
  1579 | Temple   | Acquired Dithmenos's first power
  1702 | D:4      | Reached skill level 5 in Stealth
  1702 | D:4      | Reached skill level 7 in Unarmed Combat
  1765 | D:4      | Slain by a black bear

Vault maps used:
D:1:      zaba_arrival_water
D:3:      first_bread, uniq_sigmund
D:4:      black_bear_nest_1, nicolae_overflow_hidden_temple,
          minmay_temple_entry_glass, serial_glass, glass_columns_c,
          glass_columns_c, glass_columns_b, glass_columns_a, glass_columns_a,
          glass_columns_c, serial_shops, shop
Temple:   nicolae_temple_no_exploring_needed

Action                   |  1- 3 |  4- 6 || total
-------------------------+-------+-------++-------
Melee: Unarmed           |   140 |    77 ||   217
  Use: Potion            |       |     3 ||     3
 Stab: Sleeping          |     7 |     4 ||    11
  Eat: Chunk             |       |     3 ||     3
